AoeStats
← Who am I

Oasis

509541210Analyzed
4v4 RM · 6d ago on Sep 27, 2026· 18m 3s· 8 players
Game mode
Random Map
Map size
Large (8 player)
Population
200
Speed
Normal
Resources
Standard
Victory
Conquest
Starting age
Dark Age
Ending age
Imperial Age
RankedLock teamsTeams togetherTeam positionsShared explorationLock speedFull tech treeHidden civsTurbo modeCheats
Victory
Defeat
🇨🇳 Huns · China
1384
+14
🇨🇳 Poles · China
1376
+14
🇹🇼 Saxons · Taiwan
1327
+16
🇨🇳 Vietnamese · China
1318
+18
🇵🇪 Danes · Peru
1372
-17
🇩🇪 Ethiopians · Germany
1341
-16
🇩🇪 Saxons · Germany
1335
-15
🇵🇪 Chinese · Peru
1310
-14
DeeperDeeper
10:12 Feudal Age
11:17 Double-Bit Axe
13:07 Loom
13:13 Loom
13:15 Horse Collar
17:48 Castle Age
征南大将军
6:36 Loom
9:21 Feudal Age
10:04 Double-Bit Axe
10:00 Horse Collar
17:27 Stone Mining
17:54 Forging
17:50 Scale Barding Armor
Anil
11:00 Feudal Age
11:50 Horse Collar
11:57 Double-Bit Axe
16:36 Castle Age
18:06 Fletching
_OMO_
7:09 Loom
10:14 Feudal Age
10:51 Double-Bit Axe
19:16 Wheelbarrow
Who am I
6:28 Loom
11:59 Feudal Age
13:14 Double-Bit Axe
13:12 Horse Collar
14:50 Wheelbarrow
Dragon
7:38 Loom
9:46 Feudal Age
16:01 Castle Age
15:07 Double-Bit Axe
zFenix095z
0:28 Loom
8:38 Feudal Age
Wolfang
10:17 Feudal Age
14:47 Castle Age
13:42 Loom
14:07 Double-Bit Axe
16:00 Scale Mail Armor
Connection lost

Rejoining the realm…

Still unreachable

The connection could not be restored.

Session expired

The server has moved on; the page needs a fresh start.